 Dungeon Crawl Stone Soup version 0.23-a0-204-g3eb00d1601 (webtiles) character file.

174 Lepercus the Insei (level 5, -1/41 HPs)
             Began as a Human Monk on Sept 24, 2018.
             Slain by a gnoll
             ... wielding a +0 spear
              (9 damage)
             ... on level 3 of the Dungeon.
             The game lasted 00:20:16 (3751 turns).

Lepercus the Insei (Human Monk)                     Turns: 3751, Time: 00:20:16

Health: -1/41      AC:  7    Str: 12    XL:     5   Next: 84%
Magic:  5/5        EV:  7    Int: 10    God:
Gold:   128        SH:  0    Dex: 16    Spells: 4/4 levels left

rFire    . . .     SeeInvis .     - Unarmed
rCold    . . .     Gourm    .   (no shield)
rNeg     . . .     Faith    .   q - -2 chain mail (curse)
rPois    .         Spirit   .   (no helmet)
rElec    .         Reflect  .   (no cloak)
rCorr    .         Harm     .   (no gloves)
MR       .....                  l - +0 pair of boots
Stlth    ..........             (no amulet)
HPRegen  0.13/turn              (no ring)
MPRegen  0.09/turn              (no ring)

@: very slightly contaminated
A: no striking features
a: no special abilities


You were on level 3 of the Dungeon.
You were not hungry.

You visited 1 branch of the dungeon, and saw 3 of its levels.

You collected 128 gold pieces.

Inventory:

Hand Weapons
 n - a +1 short sword
 v - a +0 dagger
 w - a cursed +0 hunting sling
Missiles
 f - 106 arrows
Armour
 a - a +0 robe
 g - a +0 leather armour
 h - a +0 scale mail
 j - a +0 robe
 l - a +0 pair of boots (worn)
 m - a +0 robe
 q - a cursed -2 chain mail (worn)
 t - a +0 robe
 x - a +0 chain mail
Jewellery
 s - a +5 ring of dexterity {unknown}
Wands
 r - a wand of enslavement (16)
Potions
 c - 3 potions of brilliance {unknown}
 e - 4 potions of heal wounds {unknown}
 k - a potion of cancellation {unknown}
 o - a potion of curing {unknown}
 p - a potion of lignification {unknown}
Comestibles
 b - 6 rations
 u - 2 chunks of flesh


   Skills:
 + Level 3.5 Fighting
 + Level 2.2 Armour
 + Level 3.8 Dodging
 + Level 2.0 Stealth
 + Level 4.4 Unarmed Combat


You had 4 spell levels left.
You didn't know any spells.
Your spell library was empty.

Dungeon Overview and Level Annotations

Branches:
Dungeon (3/15)

Altars:


Message History

The gnoll hits you from afar with a spear.
An orc comes into view. It is wielding a falchion.
The goblin hits you but does no damage.
As you read the scroll of teleportation, it crumbles to dust.
You feel strangely stable. The gnoll hits you but does no damage.
The goblin barely misses you.
Blink to where?
Press: ? - help, Dir - move target cursor You are very lightly contaminated with residual magic.
As you read the scroll of blinking, it crumbles to dust.
The gnoll hits you from afar with a spear. x2
The gnoll hits you from afar with a spear.
* * * LOW HITPOINT WARNING * * *
The gnoll shaman calls upon its god to speed up something.
The gnoll hits you from afar with a spear.
* * * LOW HITPOINT WARNING * * *
The gnoll hits you but does no damage. The gnoll hits you but does no damage.
The gnoll hits you from afar with a spear!
You die...

...####.........†.#...(.((...# #.
...####.........#.##+####'######.
.................................
................#.#..##.......#..
.......#####....#.#.###.......#..
.......# #....#........##...#..
.......# #....###)####.##...#..
.......#####.............##...#..
.......##.......@................
.......##.......................#
.......##.....#.gg...>.....≈#...
......##......#...g......≈≈≈#
......+.........#.#.....≈≈≈≈#
......##...#......#.gg..≈≈≈≈ .
...........'......#.#..≈≈≈≈ ..
......#.####......#.#..#######...
......#....#............g.gg.....


You could see a gnoll shaman, 3 gnolls and a goblin.

Vanquished Creatures
  An orc wizard (D:3)
  A river rat (D:3)
  5 adders
  2 oozes
  4 worms
  2 dart slugs
  3 leopard geckos (D:2)
  3 orcs (D:3)
  2 ball pythons (D:3)
  4 giant cockroaches
  5 goblins
  6 hobgoblins
  9 kobolds
  7 bats
  4 frilled lizards (D:1)
  10 rats
68 creatures vanquished.

Notes
Turn   | Place    | Note
-------+----------+-------------------------------------------
     0 | D:1      | Lepercus the Human Monk began the quest for the Orb.
     0 | D:1      | Reached XP level 1. HP: 18/18 MP: 1/1
   198 | D:1      | Reached XP level 2. HP: 10/24 MP: 2/2
   935 | D:2      | Reached XP level 3. HP: 13/29 MP: 3/3
  1585 | D:2      | Reached XP level 4. HP: 35/35 MP: 4/4
  2011 | D:2      | Reached skill level 1 in Armour
  2906 | D:3      | Reached skill level 4 in Unarmed Combat
  2906 | D:3      | Reached XP level 5. HP: 24/41 MP: 5/5
  3751 | D:3      | Slain by a gnoll

Vault maps used:
D:1:      dpeg_arrival_connections
D:3:      cheibriados_altar_1, portal_sewer_entry_b, grunt_ministairs_7,
          item_on_display_a

Skill      XL: |  1  2  3  4  5 |
---------------+----------------+-----
Armour         | 1 2 |  2.2
Unarmed Combat | 4 |  4.4
Fighting       | |  3.5
Dodging        | |  3.8
Stealth        | |  2.0

Action                   |  1- 3 |  4- 6 || total
-------------------------+-------+-------++-------
Melee: Unarmed           |   145 |   264 ||   409
       Punch             |       |     3 ||     3
  Use: Potion            |     1 |       ||     1
       Scroll            |       |     8 ||     8
 Stab: Invisible         |     1 |       ||     1
       Sleeping          |     1 |       ||     1
  Eat: Chunk             |     2 |     4 ||     6
       Ration            |       |     1 ||     1
Armor: Robe              |     3 |       ||     3
       Scale mail        |    62 |     6 ||    68
       Leather armour    |     2 |       ||     2
       Chain mail        |       |   159 ||   159
Dodge: Dodged            |    93 |   116 ||   209

Table legend:
 A = Non-vault XP
 B = Vault XP
 C = Vault XP percentage of total XP
 D = Non-vault monster count
 E = Vault monster count
 F = Vault count percentage of total count
                 A         B        C        D         E       F
            +---------+---------+-------+---------+---------+-------
      Total |     228 |      21 |   8.4 |      61 |       7 |  10.3
            +---------+---------+-------+---------+---------+-------
        D:1 |      29 |       0 |   0.0 |      15 |       0 |   0.0
        D:2 |      94 |       0 |   0.0 |      28 |       0 |   0.0
        D:3 |     105 |      21 |  16.7 |      18 |       7 |  28.0
            +---------+---------+-------+---------+---------+-------
